 Dungeon Crawl Stone Soup version 0.31.0-9-g3a7656b989 (webtiles) character file.

Game seed: 585931711884050678

38 qw the Shooter (level 3, 0/20 HPs)
             Began as a Deep Elf Hunter on Feb 2, 2024.
             Slain by a jackal (2 damage)
             ... on level 2 of the Dungeon.
             The game lasted 00:00:04 (1107 turns).

qw the Shooter (Deep Elf Hunter)                    Turns: 1107, Time: 00:00:04

Health: 0/20       AC:  4    Str: 14    XL:     3   Next: 25%
Magic:  5/5        EV: 13    Int: 13    God:
Gold:   50         SH:  0    Dex: 23    Spells: 2/2 levels left

rFire   . . .        a - +1 shortbow
rCold   . . .        (shield currently unavailable)
rNeg    . . .        c - +0 leather armour
rPois   .            (no helmet)
rElec   .            (no cloak)
rCorr   .            e - +0 pair of fencer's gloves {Riposte Dex+3}
SInv    +            (no boots)
Will    .....        (no amulet)
Stlth   ++           d - +6 ring of strength
HPRegen 0.23/turn    k - ring of see invisible
MPRegen 0.09/turn

%: no passive effects
@: no status effects
A: no striking features
a: no special abilities


You were on level 2 of the Dungeon.
You visited 1 branch of the dungeon, and saw 2 of its levels.

You collected 74 gold pieces.
You spent 24 gold pieces at shops.


   Skills:
 - Level 1.5 Fighting
 + Level 6.8 Ranged Weapons
 - Level 2.4 Dodging
 - Level 1.2 Stealth


You had 2 spell levels left.
You didn't know any spells.
Your spell library was empty.

Inventory:

Hand Weapons
 a - a +1 shortbow (weapon)
Armour
 c - a +0 leather armour (worn)
 e - the +0 pair of fencer's gloves (worn) {Riposte Dex+3}
   (You acquired it on level 1 of the Dungeon)

   Riposte:   It allows the wearer to riposte with melee weapons, swiftly
   retaliating against missed or blocked melee attacks.
   Dex+3:     It affects your dexterity (+3).
 g - a +0 ring mail
Jewellery
 d - a +6 ring of strength (left hand)
 k - a ring of see invisible (right hand)
Scrolls
 b - a scroll of teleportation {unknown}
 f - 2 scrolls of identify
Potions
 j - 4 potions of might

Dungeon Overview and Level Annotations

Branches:
Dungeon (2/15)

Altars:

Shops:
D:1 [?*[


Message History

The jackal bites you but does no damage.
The jackal barely misses you.
You shoot an arrow. The arrow closely misses the jackal.
The jackal bites you but does no damage.
The jackal closely misses you. The jackal completely misses you.
The jackal misses you. The jackal barely misses you.
You shoot an arrow. The arrow misses the jackal.
The jackal barely misses you. The jackal closely misses you.
The jackal completely misses you. The jackal closely misses you.
You shoot an arrow. The arrow hits the jackal.
The jackal is severely wounded.
The jackal bites you. The jackal completely misses you.
The jackal bites you but does no damage.
The jackal closely misses you. x2
You shoot an arrow. The arrow hits the jackal.
You kill the jackal!
The jackal bites you. x2
The jackal bites you but does no damage.
You shoot an arrow. The arrow closely misses the jackal.
The jackal closely misses you. x2; The jackal barely misses you.
You shoot an arrow. The arrow closely misses the jackal.
The jackal closely misses you. x2; The jackal barely misses you.
You shoot an arrow. The arrow hits the jackal.
The jackal is severely wounded.
The jackal barely misses you. The jackal closely misses you.
The jackal barely misses you.
The jackal bites you but does no damage.
You shoot an arrow. The arrow closely misses the jackal.
The jackal barely misses you.
The jackal bites you but does no damage.
You shoot an arrow. The arrow completely misses the jackal.
The jackal completely misses you. The jackal misses you. The jackal bites you.
The jackal barely misses you.
You shoot an arrow. The arrow hits the jackal.
You kill the jackal!
The jackal misses you.
You shoot an arrow. The arrow hits the jackal.
The jackal is heavily wounded.
The jackal bites you.
You die...

#.......###
...
#..........
...
#..%....... ..
#.......... ..
#######.... #.
##### #. #
#.##### #.###
##h@...###
#....
#.%%..)..####
#.#..
#.#####.....##
#.... #.
#.###..# ###..
. #.# ##.###
### ## ..#
#...## # ####
###..####
##..>.. ###.##


You could see a jackal.

Vanquished Creatures
  A dart slug (D:1)
  A ribbon worm (D:2)
  2 bats
  4 endoplasms
  6 goblins
  A hobgoblin (D:1)
  5 jackals
  A kobold (D:1)
  A quokka (D:2)
  5 ball pythons (D:1)
  2 rats
29 creatures vanquished.

Notes
Turn   | Place    | Note
-------+----------+-------------------------------------------
     0 | D:1      | qw the Deep Elf Hunter began the quest for the Orb.
     0 | D:1      | Reached XP level 1. HP: 12/12 MP: 3/3
     0 | D:1      | 0 ||| qw: Version: 0.3-a-155-g5e7d8dd
     0 | D:1      | 0 ||| qw: Game counter: 1745
     0 | D:1      | 0 ||| qw: Melee chars always use a shield: true
     0 | D:1      | 0 ||| qw: God list: Okawaru
     0 | D:1      | 0 ||| qw: Allow faded altars: false
     0 | D:1      | 0 ||| qw: Do Orc after clearing Dungeon:15 true
     0 | D:1      | 0 ||| qw: Do second Lair branch before Depths: true
     0 | D:1      | 0 ||| qw: Lair rune preference: random
     0 | D:1      | 0 ||| qw: Goals: Normal
     0 | D:1      | 0 ||| PLANNING D:1-11
    79 | D:1      | Found Zyaxtaikh's General Store.
    88 | D:1      | Found Jaxzutoo's Armour Emporium.
    89 | D:1      | 89 ||| SHOPLISTING +0 leather armour of poison resistance
                  | (72 gold, have 0).
    89 | D:1      | 89 ||| SHOPLISTING +0 scale mail (48 gold, have 0).
    89 | D:1      | 89 ||| SHOPLISTING potion of curing (36 gold, have 0).
    89 | D:1      | 89 ||| SHOPLISTING potion of haste (120 gold, have 0).
    89 | D:1      | 89 ||| SHOPLISTING potion of mutation (96 gold, have 0).
    89 | D:1      | 89 ||| SHOPLISTING scroll of teleportation (36 gold, have
                  | 0).
   254 | D:1      | Reached XP level 2. HP: 16/16 MP: 4/4
   273 | D:1      | Reached skill level 6 in Ranged Weapons
   307 | D:1      | Found Wuskufyn's Antique Armour Boutique.
   312 | D:1      | 312 ||| SHOPLISTING pair of glowing boots (187 gold, have
                  | 23).
   312 | D:1      | 312 ||| SHOPLISTING ring mail (100 gold, have 23).
   312 | D:1      | 312 ||| SHOPLISTING scale mail (100 gold, have 23).
   383 | D:1      | Found Limeup Zufi's Magic Scroll Shoppe.
   392 | D:1      | 392 ||| SHOPLISTING scroll of enchant weapon (90 gold, have
                  | 36).
   392 | D:1      | 392 ||| BUYING scroll of identify (24 gold).
   392 | D:1      | Bought a scroll of identify for 24 gold pieces
   392 | D:1      | 392 ||| SHOPLISTING scroll of identify (24 gold, have 12).
   396 | D:1      | Found a faded altar of an unknown god.
   819 | D:1      | 819 ||| UPGRADING to +0 pair of gloves.
   824 | D:1      | 824 ||| UPGRADING to +6 ring of strength.
   825 | D:1      | 825 ||| UPGRADING to ring of see invisible.
   826 | D:1      | 826 ||| READING 4 scrolls of identify.
   826 | D:1      | 826 ||| IDENTIFYING 2 lumpy sapphire potions
   827 | D:1      | 827 ||| READING 3 scrolls of identify.
   827 | D:1      | 827 ||| IDENTIFYING 2 murky brown potions
   828 | D:1      | 828 ||| READING 2 scrolls of identify.
   828 | D:1      | 828 ||| IDENTIFYING scroll labelled FIYCAE VASTOI
   828 | D:1      | Identified a scroll of acquirement
   829 | D:1      | 829 ||| READING scroll of acquirement.
   829 | D:1      | 829 ||| ACQUIRING +0 pair of fencer's gloves {Riposte
                  | Dex+3}
   829 | D:1      | Acquired the +0 pair of fencer's gloves {Riposte Dex+3}
   829 | D:1      | Found the +0 pair of fencer's gloves {Riposte Dex+3}
   831 | D:1      | 831 ||| UPGRADING to +0 pair of fencer's gloves {Riposte
                  | Dex+3}.
   841 | D:1      | 841 ||| DROPPING +0 pair of gloves.
   842 | D:1      | 842 ||| READING scroll of identify.
   842 | D:1      | 842 ||| IDENTIFYING scroll labelled MATOUCO FUCRA
   843 | D:1      | 843 ||| READING scroll of enchant weapon.
   843 | D:1      | 843 ||| ENCHANTING +0 shortbow.
   844 | D:1      | 844 ||| READING 3 scrolls labelled BOGERES OLI.
   845 | D:1      | 845 ||| READING scroll labelled IRABAGEANE.
   946 | D:1      | 946 ||| DROPPING scroll of butterflies.
   947 | D:1      | 947 ||| DROPPING 2 scrolls of amnesia.
   948 | D:1      | 948 ||| DROPPING 2 potions of berserk rage.
  1011 | D:2      | Reached XP level 3. HP: 20/20 MP: 5/5
  1095 | D:2      | HP: 5/20 [jackal (1)]
  1100 | D:2      | HP: 3/20 [jackal (2)]
  1100 | D:2      | HP: 1/20 [jackal (2)]
  1105 | D:2      | HP: 2/20 [jackal (1)]
  1107 | D:2      | Slain by a jackal

Levels and vault maps discovered:
D:1:      beargit_arrival_diablo_church, layout_basic,
          hellmonk_ecumenical_altar_arch_garden, serial_shops, shop,
          nicolae_shop_statue_plus, shop_statue, nicolae_shop_rolling_square,
          minmay_pentomino_s4
D:2:      layout_basic, uniq_jessica

Skill      XL: |  1  2 |
---------------+-------+-----
Ranged Weapons | 6 |  6.8
Fighting       | |  1.5
Dodging        | |  2.4
Stealth        | |  1.2

Action                     || total
---------------------------++-------
   Fire: Shortbow          ||    76
    Use: Scroll            ||     8
 Armour: Leather armour    ||    27
  Dodge: Dodged            ||    47

Table legend:
 A = Non-vault XP
 B = Vault XP
 C = Vault XP percentage of total XP
 D = Non-vault monster count
 E = Vault monster count
 F = Vault count percentage of total count
                 A         B        C        D         E       F
            +---------+---------+-------+---------+---------+-------
      Total |      51 |       4 |   7.3 |      26 |       3 |  10.3
            +---------+---------+-------+---------+---------+-------
        D:1 |      34 |       4 |  10.5 |      18 |       3 |  14.3
        D:2 |      17 |       0 |   0.0 |       8 |       0 |   0.0
            +---------+---------+-------+---------+---------+-------
